Map: Frost LE

Players

IIIIIIIIIIII - Winner!

  • Race: Protoss Protoss
  • League: Master

IIIIIIIIIIII (State)

  • Race: Protoss Protoss
  • League: Grandmaster

VOD

Have the link to the VOD?

Description

Time

  • Played on: Aug. 4, 2016, 12:55 a.m.
  • Length: 8:08
Show
View Real Time Build Order
Export as new Build Order

IIIIIIIIIIII Protoss - Winner!

Build Orders:  

Get SALT Encoding   

  12  0:01  Probe (Chrono Boost)  
  13  0:11  Probe (Chrono Boost)  
  14  0:18  Pylon  
  14  0:22  Probe (Chrono Boost)  
  15  0:36  Probe (Chrono Boost), Gateway  
  16  0:43  Assimilator  
  16  0:46  Probe (Chrono Boost)  
  17  0:52  Assimilator  
  17  0:57  Probe (Chrono Boost)  
  17  1:03  Gateway  
  18  1:08  Probe (Chrono Boost)  
  19  1:18  Probe (Chrono Boost)  
  20  1:25  Cybernetics Core  
  20  1:29  Probe (Chrono Boost)  
  21  1:38  Pylon  
  21  1:39  Probe (Chrono Boost)  
  22  1:49  Warp Gate  
  22  1:50  Probe (Chrono Boost)  
  23  2:01  Stalker x2  
  27  2:14  Mothership Core (Chrono Boost)  
  29  2:16  Pylon  
  29  2:33  Probe (Chrono Boost)  
  29  2:36  Stalker x2  
  35  2:45  Probe (Chrono Boost)  
  36  2:59  Probe (Chrono Boost)  
  36  3:13  Nexus  
  36  3:19  Pylon  
  36  3:21  Probe (Chrono Boost)  
  36  3:37  Twilight Council  
  36  3:38  Probe (Chrono Boost)  
  36  3:50  Probe (Chrono Boost)  
  37  4:00  Stalker x2  
  37  4:01  Probe (Chrono Boost)  
  42  4:06  Robotics Facility  
  42  4:10  Blink  
  41  4:17  Probe (Chrono Boost)  
  41  4:27  Probe (Chrono Boost)  
  41  4:29  Probe (Chrono Boost)  
  43  4:34  Sentry x2  
  43  4:38  Probe (Chrono Boost)  
  48  4:41  Probe (Chrono Boost)  
  49  4:48  Probe (Chrono Boost)  
  49  4:52  Observer, Gateway  
  51  4:53  Pylon  
  51  4:54  Probe (Chrono Boost)  
  53  5:01  Probe (Chrono Boost)  
  53  5:04  Pylon  
  53  5:06  Probe (Chrono Boost)  
  54  5:13  Probe (Chrono Boost)  
  55  5:18  Pylon, Probe (Chrono Boost)  
  56  5:22  Immortal  
  56  5:25  Probe (Chrono Boost)  
  55  5:31  Stalker  
  55  5:32  Stalker  
  59  5:38  Probe x2 (Chrono Boost)  
  61  5:47  Pylon  
  61  5:55  Assimilator, Probe x2 (Chrono Boost)  
  63  5:57  Assimilator  
  63  5:58  Stalker, Resonating Glaives  
  63  6:00  Stalker  
  67  6:07  Probe (Chrono Boost)  
  67  6:08  Immortal, Probe (Chrono Boost)  
  74  6:20  Probe (Chrono Boost)  
  74  6:23  Probe (Chrono Boost)  
  75  6:35  Adept x3  
  75  6:39  Pylon  
  81  6:44  Immortal  
  81  6:53  Gateway  
  81  6:54  Gateway x2  
  85  6:56  Gateway  
  85  7:06  Adept x3  
  91  7:08  Pylon  
  91  7:10  Pylon  
  89  7:21  Immortal  
  79  7:28  Adept x3  
  79  7:48  Adept  
  79  7:49  Adept x2  
  77  7:55  Adept  
  77  7:56  Adept x3  
Show
View Real Time Build Order
Export as new Build Order

IIIIIIIIIIII Protoss 

Build Orders:  

Get SALT Encoding   

  12  0:01  Probe (Chrono Boost)  
  13  0:12  Probe (Chrono Boost)  
  14  0:18  Pylon  
  14  0:22  Probe (Chrono Boost)  
  15  0:36  Probe (Chrono Boost), Gateway  
  15  0:42  Assimilator  
  16  0:46  Probe (Chrono Boost)  
  17  0:53  Assimilator  
  18  0:57  Probe (Chrono Boost)  
  18  1:07  Probe (Chrono Boost), Gateway  
  19  1:18  Probe (Chrono Boost)  
  20  1:24  Cybernetics Core  
  20  1:28  Probe (Chrono Boost)  
  21  1:35  Pylon  
  21  1:39  Probe (Chrono Boost)  
  22  1:48  Warp Gate  
  22  1:50  Probe (Chrono Boost)  
  23  2:03  Adept x2  
  23  2:07  Mothership Core (Chrono Boost)  
  29  2:10  Pylon  
  29  2:29  Probe (Chrono Boost)  
  30  2:31  Adept x2  
  34  2:42  Probe (Chrono Boost)  
  35  2:57  Nexus  
  35  3:02  Sentry x2  
  39  3:10  Pylon  
  39  3:21  Robotics Facility  
  37  3:35  Twilight Council  
  37  3:36  Probe (Chrono Boost)  
  38  3:48  Probe (Chrono Boost)  
  37  3:58  Probe (Chrono Boost)  
  37  4:01  Sentry  
  37  4:02  Stalker  
  42  4:08  Immortal  
  42  4:09  Probe (Chrono Boost)  
  43  4:15  Resonating Glaives  
  43  4:21  Probe (Chrono Boost)  
  43  4:22  Probe (Chrono Boost)  
  45  4:32  Zealot  
  45  4:33  Probe (Chrono Boost)  
  45  4:34  Probe (Chrono Boost)  
  45  4:37  Zealot  
  53  4:45  Probe (Chrono Boost)  
  53  4:46  Immortal  
  53  4:47  Probe (Chrono Boost)  
  57  4:58  Probe (Chrono Boost)  
  57  4:59  Probe (Chrono Boost)  
  59  5:03  Pylon  
  59  5:06  Pylon  
  59  5:10  Probe (Chrono Boost)  
  59  5:11  Probe (Chrono Boost)  
  61  5:16  Gateway  
  61  5:25  Warp Prism  
  61  5:31  Gateway x2  
  63  5:36  Gateway  
  63  5:39  Sentry x2  
  68  5:44  Probe (Chrono Boost)  
  68  5:45  Pylon  
  68  5:47  Pylon  
  68  5:55  Gateway  
  68  6:02  Adept x2  
  68  6:03  Observer  
  72  6:08  Probe (Chrono Boost)  
  74  6:12  Pylon  
  72  6:21  Adept  
  72  6:24  Adept x2  
  74  6:41  Adept x3  
  80  6:52  Pylon, Adept x3  
  86  6:57  Adept  
  86  6:58  Adept x2  
  96  7:01  Immortal  
  96  7:08  Adept  
  86  7:25  Adept x4  
  86  7:26  Zealot  
  86  7:27  Zealot  
  96  7:31  Assimilator  
  96  7:33  Probe x2 (Chrono Boost)  
  96  7:34  Assimilator  
  96  7:37  Adept  
  82  7:48  Adept x4  
  82  7:49  Zealot x2  
  74  8:00  Adept  
Tags
 
Add a new tag
Caveats
  • Supply blocks, unpowered buildings, or Contaminate may cause inaccurate times.
  • Supply counts are checked every 10 seconds.